 Dungeon Crawl Stone Soup version 0.25-a0-1119-g28b6fd0c3b (webtiles) character file.

Game seed: 9477249909343894215, levelgen mode: deterministic

7452 MisterFreud the Carver (level 11, -13/77 HPs)
             Began as an Octopode Gladiator on May 18, 2020.
             Was an Elder of Cheibriados.
             Killed from afar by Josephine (23 damage)
             ... with a ghostly fireball
             ... on level 10 of the Dungeon.
             The game lasted 00:12:26 (10214 turns).

MisterFreud the Carver (Octopode Gladiator)        Turns: 10214, Time: 00:12:27

Health: -13/77     AC:  6    Str: 24    XL:     11   Next: 15%
Magic:  15/15      EV: 18    Int: 24    God:    Cheibriados [****..]
Gold:   362        SH:  0    Dex: 23    Spells: 14/16 levels left

rFire    + . .     SeeInvis .   M - +3 scimitar (elec)
rCold    . . .     Gourm    .   (no shield)
rNeg     . . .     Faith    .   b - +1 hat
rPois    .         Spirit   .   (no amulet)
rElec    .         Reflect  .   y - ring of resist corrosion
rCorr    +         Harm     .   I - +4 ring of protection
MR       .....                  a - ring of protection from fire
Stlth    +++.......             E - ring of flight
HPRegen  0.22/turn              (no ring)
MPRegen  0.14/turn              (no ring)
                                (no ring)
                                (no ring)

@: slowed, heavily drained, very slow
A: almost no armour, stealthy swim, amphibious, 8 rings, constrict 8, camouflage
1, gelatinous body 1
a: Bend Time, Temporal Distortion, Slouch, Renounce Religion, Evoke Flight


You were on level 10 of the Dungeon.
You worshipped Cheibriados.
Cheibriados was greatly pleased with you.
You were not hungry.

You visited 1 branch of the dungeon, and saw 10 of its levels.

You collected 488 gold pieces.
You spent 126 gold pieces at shops.

Inventory:

Hand Weapons
 M - a +3 scimitar of electrocution (weapon)
Missiles
 c - 6 throwing nets (quivered)
 f - 6 javelins
 h - 233 stones
 j - 97 bolts
 q - 54 poisoned darts
 u - 345 arrows
 v - 26 sling bullets
 z - 13 boomerangs
 H - 2 silver boomerangs
Armour
 b - a +1 hat (worn)
Jewellery
 a - a ring of protection from fire (on tentacle)
 y - a ring of resist corrosion (left tentacle)
 E - a ring of flight (on tentacle)
 I - a +4 ring of protection (right tentacle)
Wands
 t - a wand of paralysis (7)
 x - a wand of polymorph (6)
 D - a wand of flame (8)
Scrolls
 e - a scroll of enchant armour
 i - 2 scrolls of fear
 k - a scroll of magic mapping {unknown}
 l - 3 scrolls of fog
 m - 5 scrolls of teleportation
 n - 3 scrolls of remove curse
 F - a scroll of noise {unknown}
 J - a scroll of amnesia {unknown}
Potions
 g - 3 potions of might
 o - a potion of resistance {unknown}
 p - 2 potions of flight
 r - a potion of magic
 s - a potion of cancellation
 w - 2 potions of stabbing
 A - a potion of haste
 B - 5 potions of curing
 C - 2 potions of ambrosia {unknown}
 G - a potion of brilliance {unknown}
 L - a potion of degeneration {unknown}
 N - a potion of berserk rage {unknown}
Comestibles
 d - 23 rations
 K - 8 chunks of flesh


   Skills:
 - Level 8.0(6.3) Fighting
 + Level 11.6(9.7) Long Blades
 - Level 2.0(0.5) Throwing
 - Level 8.0(6.3) Dodging
 - Level 3.0(1.5) Spellcasting
 - Level 6.0(4.3) Invocations


You had 14 spell levels left.
You knew the following spells:

 Your Spells              Type           Power        Failure   Level  Hunger
a - Blink                 Tloc           N/A          19%         2    ###....

Your spell library contained the following spells:

 Spells                   Type           Power        Failure   Level  Hunger
 Foxfire                  Conj/Fire      #...         13%         1    #......
 Magic Dart               Conj           #...         13%         1    #......
 Summon Small Mammal      Summ           #...         13%         1    #......
 Call Imp                 Summ           #.......     19%         2    ###....
 Slow                     Hex            #.......     19%         2    ###....
 Call Canine Familiar     Summ           #.......     36%         3    ###....
 Conjure Flame            Conj/Fire      #.......     36%         3    ###....
 Inner Flame              Hex/Fire       #.......     36%         3    ###....
 Mephitic Cloud           Conj/Pois/Air  #.......     36%         3    ###....
 Summon Guardian Golem    Hex/Summ       #.......     36%         3    ###....
 Sticky Flame             Conj/Fire      #.......     77%         4    #####..
 Summon Ice Beast         Ice/Summ       #.......     77%         4    #####..
 Summon Lightning Spire   Summ/Air       #.......     77%         4    #####..
 Fireball                 Conj/Fire      #.........   98%         5    ######.


Dungeon Overview and Level Annotations

Branches:
Dungeon (10/15)            Temple (0/1) D:7
   Lair: D:8-11         Orc: D:9-12

Altars:
Cheibriados
Dithmenos
Elyvilon
Fedhas
Gozag
Hepliaklqana
Kikubaaqudgha
Makhleb
Nemelex Xobeh
Okawaru
Qazlal
Ru
Sif Muna
Trog
Uskayaw
Vehumet
Wu Jian
Xom
Yredelemnul
Zin

Shops:
D:7 *

Annotations:
D:6 1 runed translucent door
D:10 Josephine


Innate Abilities, Weirdness & Mutations

You cannot wear most types of armour.
You are very stealthy in the water. (Stealth+)
You are amphibious.
You can wear up to eight rings at the same time.
You can use your tentacles to constrict eight enemies at once.
Your skin changes colour to match your surroundings (Stealth+).
Your rubbery body absorbs attacks. (AC +1, EV +1)


Message History

You feel as though you will be slow longer.
A wraith comes into view.
You feel much better. The wraith completely misses you.
You riposte.
You hit the wraith.
You destroy the wraith!
Cheibriados thoroughly appreciates the change of pace.
You slash Josephine! You grab Josephine. You squeeze Josephine!
Josephine is moderately wounded.
You constrict Josephine. Josephine hits you with a +0 dagger.
You slash Josephine! You squeeze Josephine.
Josephine is severely wounded.
You constrict Josephine. Josephine casts a spell at you.
The ghostly flame explodes!
The ghostly fireball engulfs you!
You feel drained.
* * * LOW HITPOINT WARNING * * *
The ghostly fireball engulfs Josephine.
Josephine completely resists.
Josephine points at you and mumbles some strange words.
The ghostly flame explodes!
The ghostly fireball engulfs you!!
You feel drained.
You die...

#.# #.# . ###'####
.. #....[.# ...
#..)...# ....
#......# .....####
#......#
.....').####......#
#<@@WWW.....#
######......#
####+###


You could see Josephine and 3 wraiths.

Vanquished Creatures
  A centaur warrior (D:9)
  An unseen horror (D:10)
  A merfolk (D:9)
  2 trolls (D:9)
  A vampire (D:9)
  2 wyverns
  2 wraiths (D:10)
  4 yaks (D:9)
  2 hungry ghosts
  A water moccasin (D:10)
  A floating eye (D:9)
  2 orc warriors
  2 necrophages
  A phantom (D:9)
  3 sky beasts
  A black bear (D:7)
  3 ogres
  6 centaurs
  7 bullfrogs
  5 scorpions
  A water moccasin zombie (D:8)
  A wyvern skeleton (D:8)
  6 killer bees (D:9)
  5 wights (D:8)
  2 howler monkeys
  2 crimson imps (D:5)
  A centaur zombie (D:5)
  A bullfrog zombie (D:10)
  3 orc wizards
  5 orc priests
  5 hounds
  A centaur skeleton (D:8)
  2 iguanas
  6 worker ants
  2 hound zombies
  A hound skeleton (D:9)
  5 gnolls
  8 adders
  2 shadow imps
  2 oozes
  An adder zombie (D:5)
  2 adder skeletons
  2 worms
  A dart slug (D:1)
  7 leopard geckos
  13 orcs
  5 giant cockroaches
  6 goblins
  6 hobgoblins
  8 jackals
  8 quokkas
  A ball python (D:2)
  6 bats
  9 frilled lizards
  6 kobolds
  A kobold skeleton (D:6)
  A leopard gecko skeleton (D:5)
  9 rats
201 creatures vanquished.

Notes
Turn   | Place    | Note
-------+----------+-------------------------------------------
     0 | D:1      | MisterFreud the Octopode Gladiator began the quest for the
                  | Orb.
     0 | D:1      | Reached XP level 1. HP: 14/14 MP: 1/1
   247 | D:1      | Reached XP level 2. HP: 15/20 MP: 2/2
   634 | D:1      | Reached XP level 3. HP: 26/26 MP: 3/3
  1636 | D:2      | Found an iron altar of Okawaru.
  1650 | D:2      | Reached XP level 4. HP: 28/33 MP: 4/4
  1948 | D:2      | Found a shimmering altar of Xom.
  1950 | D:2      | Found a radiant altar of Vehumet.
  1950 | D:2      | Found an ornate altar of the Wu Jian Council.
  1952 | D:2      | Found a glowing silver altar of Zin.
  1952 | D:2      | Found a blossoming altar of Fedhas.
  1952 | D:2      | Found a blossoming altar of Fedhas.
  2077 | D:2      | Found a snail-covered altar of Cheibriados.
  2079 | D:2      | Found a hazy altar of Hepliaklqana.
  2079 | D:2      | Found a white marble altar of Elyvilon.
  2079 | D:2      | Found a bloodstained altar of Trog.
  2121 | D:2      | Became a worshipper of Cheibriados the Contemplative
  2333 | D:3      | Reached skill level 4 in Long Blades
  2399 | D:3      | Reached XP level 5. HP: 34/37 MP: 5/5
  2473 | D:3      | HP: 1/37 [gnoll/+0 halberd (6)]
  2696 | D:3      | Found a sparkling altar of Nemelex Xobeh.
  2846 | D:3      | Found a sacrificial altar of Ru.
  2852 | D:3      | Reached * piety under Cheibriados
  2852 | D:3      | Reached skill level 5 in Long Blades
  2977 | D:3      | Noticed a +0 hand axe
  2984 | D:3      | Noticed a +0 hand axe
  3003 | D:3      | Found a hide-covered altar of Uskayaw.
  3202 | D:3      | Found a burning altar of Makhleb.
  3596 | D:4      | Found a basalt altar of Yredelemnul.
  3634 | D:4      | Reached XP level 6. HP: 28/43 MP: 6/6
  4110 | D:4      | Reached skill level 6 in Long Blades
  4240 | D:5      | Entered Level 5 of the Dungeon
  4615 | D:5      | Noticed a necrophage
  4627 | D:5      | Killed a necrophage
  4627 | D:5      | Reached XP level 7. HP: 40/47 MP: 7/7
  4685 | D:5      | Found a shadowy altar of Dithmenos.
  4692 | D:5      | Reached ** piety under Cheibriados
  5000 | D:5      | Reached skill level 5 in Dodging
  5513 | D:5      | Found a blossoming altar of Fedhas.
  5514 | D:5      | Found a shimmering blue altar of Sif Muna.
  5514 | D:5      | Found a stormy altar of Qazlal.
  5742 | D:6      | Found a runed translucent door.
  5742 | D:6      | Noticed a human
  5745 | D:6      | Found a basalt altar of Yredelemnul.
  5768 | D:6      | Reached XP level 8. HP: 36/53 MP: 8/8
  5904 | D:6      | Found an ancient bone altar of Kikubaaqudgha.
  6337 | D:7      | Found a staircase to the Ecumenical Temple.
  6374 | D:7      | Reached skill level 1 in Invocations
  6522 | D:7      | Found Poptawk's General Store.
  6526 | D:7      | Bought a scroll of teleportation for 42 gold pieces
  6526 | D:7      | Bought 2 potions of curing for 84 gold pieces
  6569 | D:7      | Found a radiant altar of Vehumet.
  6672 | D:7      | Learned a level 2 spell: Blink
  6743 | D:7      | Reached *** piety under Cheibriados
  6828 | D:7      | Reached skill level 5 in Invocations
  6829 | D:7      | Found a blossoming altar of Fedhas.
  6936 | D:7      | Reached XP level 9. HP: 48/57 MP: 13/13
  7352 | D:8      | Reached skill level 1 in Spellcasting
  7598 | D:8      | Reached skill level 7 in Long Blades
  7604 | D:8      | Reached **** piety under Cheibriados
  8215 | D:9      | Reached skill level 8 in Long Blades
  8270 | D:9      | Noticed a troll
  8297 | D:9      | Killed a troll
  8297 | D:9      | Reached skill level 9 in Long Blades
  8429 | D:9      | Noticed a troll
  8430 | D:9      | Noticed a centaur warrior
  8433 | D:9      | Killed a centaur warrior
  8433 | D:9      | Reached skill level 10 in Long Blades
  8433 | D:9      | Reached XP level 10. HP: 35/64 MP: 14/14
  8435 | D:9      | Reached skill level 5 in Fighting
  9381 | D:9      | Noticed a two-headed ogre
  9384 | D:9      | a two-headed ogre changed into a floating eye
  9483 | D:9      | Found an opulent altar of Gozag.
  9877 | D:9      | Reached skill level 11 in Long Blades
 10009 | D:10     | Entered Level 10 of the Dungeon
 10022 | D:10     | Killed an unseen horror
 10022 | D:10     | Reached XP level 11. HP: 56/74 MP: 15/15
 10206 | D:10     | Noticed Josephine
 10214 | D:10     | Killed from afar by Josephine

Illustrated notes

Levels and vault maps discovered:
D:1:      dpeg_arrival_more_subterranean_lakeside_camping, layout_basic
D:2:      layout_basic, doesnt_xom_only_xom, grunt_temple_overflow_open,
          first_ration, okawaru_altar_gauntlet_db
D:3:      layout_basic, dancing_weapons_uskayaw,
          nemelex_xobeh_ov_fountains_minmay, nicolae_overflow_hidden_temple,
          nicolae_ru_great_annihilating_truth
D:4:      layout_cave_pools, lemuel_doored_altar, minmay_misc_feat_cross
D:5:      layout_basic, nicolae_dithmenos_the_darkroom,
          gammafunk_temple_overflow_claw, chequers_hall_statues_wall_a,
          guppyfry_early_lair_pool
D:6:      layout_basic, kiku_gazebo_garden_becter, dk_yredelemnul_ordeal
D:7:      layout_basic, vehumet_crystals, minmay_temple_entry_stoned_glass,
          serial_shops, shop_statue, fedhas_bush_and_centaur_altar
D:8:      layout_loops_ring
D:9:      layout_irregular_city, grunt_gozag_statues, hangedman_fish_farm,
          minmay_fractal_squares_gapless_7
D:10:     layout_roguey, uniq_josephine

Skill      XL: |  1  2  3  4  5  6  7  8  9 10 11 |
---------------+----------------------------------+-----
Fighting       | 3 4 7 8 |  8.0
Long Blades    | 4 5 6 10 11 | 11.6
Dodging        | 4 7 8 |  8.0
Invocations    | 6 |  6.0
Spellcasting   | 3 |  3.0
Throwing       | |  2.0

Action                   |  1- 3 |  4- 6 |  7- 9 | 10-12 || total
-------------------------+-------+-------+-------+-------++-------
Melee: Long sword        |    59 |   100 |    83 |       ||   242
       Tentacles         |    12 |    25 |    47 |    31 ||   115
       Constrict         |    18 |    29 |    37 |    12 ||    96
       Scimitar          |       |       |    48 |    80 ||   128
Invok: Slouch            |       |       |       |     2 ||     2
Evoke: Wand              |       |       |     1 |     2 ||     3
  Use: Potion            |       |     2 |       |     1 ||     3
       Scroll            |       |     2 |    11 |       ||    13
 Stab: Sleeping          |    11 |     8 |    12 |     4 ||    35
       Paralysed         |       |     1 |       |     4 ||     5
       Distracted        |       |       |       |     1 ||     1
  Eat: Chunk             |     2 |     7 |     7 |     4 ||    20
Armor: Skin              |     1 |     1 |    18 |     7 ||    27
Dodge: Dodged            |    39 |    68 |   117 |    57 ||   281
       Rpst.: Long sword |    12 |    21 |    20 |       ||    53
       Scimitar          |       |       |    18 |    17 ||    35

Table legend:
 A = Non-vault XP
 B = Vault XP
 C = Vault XP percentage of total XP
 D = Non-vault monster count
 E = Vault monster count
 F = Vault count percentage of total count
                 A         B        C        D         E       F
            +---------+---------+-------+---------+---------+-------
      Total |    7565 |    3081 |  28.9 |     177 |      24 |  11.9
            +---------+---------+-------+---------+---------+-------
        D:1 |      39 |       0 |   0.0 |      20 |       0 |   0.0
        D:2 |      55 |      25 |  31.2 |      24 |       6 |  20.0
        D:3 |     137 |      18 |  11.6 |      22 |       4 |  15.4
        D:4 |     158 |       0 |   0.0 |       9 |       0 |   0.0
        D:5 |     592 |      13 |   2.1 |      16 |       1 |   5.9
        D:6 |     240 |       1 |   0.4 |       5 |       1 |  16.7
        D:7 |    1073 |     115 |   9.7 |      16 |       1 |   5.9
        D:8 |     910 |       0 |   0.0 |      21 |       0 |   0.0
        D:9 |    2689 |    2493 |  48.1 |      35 |       9 |  20.5
       D:10 |    1672 |     416 |  19.9 |       9 |       2 |  18.2
            +---------+---------+-------+---------+---------+-------
